 Dungeon Crawl Stone Soup version 0.31-a0-174-g85c54bcb58 (webtiles) character file.

Game seed: 15541644296105948133

217 Dittersdorf the Covered (level 5, -1/34 HPs)
             Began as a Gargoyle Fighter on June 15, 2023.
             Slain by a gnoll
             ... wielding a +0 whip
              (5 damage)
             ... on level 3 of the Dungeon.
             The game lasted 00:02:12 (1617 turns).

Dittersdorf the Covered (Gargoyle Fighter)          Turns: 1617, Time: 00:02:12

Health: -1/34      AC: 12    Str: 21    XL:     5   Next: 94%
Magic:  5/5        EV:  9    Int:  9    God:
Gold:   92         SH:  4    Dex:  9    Spells: 4/4 levels left

rFire   . . .        a - +0 flail
rCold   . . .        c - +0 buckler
rNeg    + . .        b - +0 scale mail
rPois   ∞            (no helmet)
rElec   +            h - +0 cloak
rCorr   .            (no gloves)
SInv    .            (no boots)
Will    .....        (no amulet) Stlth
                     (no ring)
HPRegen 0.25/turn    (no ring)
MPRegen 0.09/turn

%: no passive effects
@: no status effects
A: sickness immunity, AC +4, negative energy resistance 1, electricity
resistance, torment resistance 1, petrification resistance
a: no special abilities


You were on level 3 of the Dungeon.
You visited 1 branch of the dungeon, and saw 3 of its levels.

You collected 92 gold pieces.

Inventory:

Hand Weapons
 a - a +0 flail (weapon)
Missiles
 l - 3 curare-tipped darts (quivered)
Armour
 b - a +0 scale mail (worn)
 c - a +0 buckler (worn)
 h - a +0 cloak (worn)
Scrolls
 e - a scroll of poison {unknown}
 f - 2 scrolls of teleportation {unknown}
 i - a scroll of butterflies {unknown}
 j - a scroll of amnesia {unknown}
Potions
 d - 2 potions of might
 g - a potion of heal wounds {unknown}
 k - a potion of ambrosia {unknown}
 m - 2 potions of curing {unknown}
 n - a potion of magic {unknown}


   Skills:
 + Level 4.4 Fighting
 + Level 3.3 Maces & Flails
 + Level 4.5 Armour
 + Level 4.5 Shields


You had 4 spell levels left.
You didn't know any spells.
Your spell library was empty.

Dungeon Overview and Level Annotations

Branches:
Dungeon (3/15)

Altars:
Xom


Innate Abilities, Weirdness & Mutations

You are immune to sickness and miasma.
Your stone body is resilient. (AC +4)
You are immune to poison.
You resist negative energy. (rN+)
You are resistant to electric shocks. (rElec)
You are resistant to unholy torment.
You are immune to petrification.


Message History

You are too injured to fight recklessly!
You are too injured to fight recklessly!
You are too injured to fight recklessly!
You are too injured to fight recklessly!
The quokka bites you but does no damage.
The quokka attacks as you move away! The quokka barely misses you.
The gnoll hits you but does no damage. The gnoll attacks as you move away!
The gnoll hits you but does no damage. The quokka attacks as you move away!
The quokka bites you. The quokka bites you.
The endoplasm attacks as you move away! The endoplasm hits you.
The quokka twitches its whiskers.
You completely miss the endoplasm. The endoplasm barely misses you.
You hit the endoplasm but do no damage. The endoplasm freezes you.
You are frozen.
You barely miss the endoplasm. The endoplasm hits you.
The endoplasm freezes you.
You are frozen.
* * * LOW HITPOINT WARNING * * *
You hit the endoplasm.
You kill the endoplasm!
You barely miss the gnoll. The gnoll hits you but does no damage.
You hit the gnoll.
The gnoll is lightly wounded.
The gnoll hits you with a +0 whip!
* * * LOW HITPOINT WARNING * * *
You barely miss the gnoll.
The gnoll is lightly wounded.
The gnoll hits you but does no damage. The gnoll barely misses you.
You hit the gnoll but do no damage.
The gnoll is lightly wounded.
The gnoll hits you but does no damage.
A giant cockroach comes into view.
You closely miss the gnoll.
The gnoll is lightly wounded.
The gnoll barely misses you. The gnoll attacks as you move away!
The gnoll barely misses you. The gnoll attacks as you move away!
The gnoll hits you with a +0 whip.
You die...

PPPP..#..........#
......#..#######<#
PP...##..# #.#
...P.##.## #.#
_....##.# #.#
...P.)..# #.#
PP.P.##)# #.#
.....##.# #.#
PP.P..#.# ###@#######
......#.# #..g.......
####....# #.#g#######
..# ####.# #.#r# ..#
#.# # #.# ..#
#######.#
#.#B########..# ###
........#
#.#....≈≈§....#....
'########
##.#.....≈§.........
...##
##............)...###


You could see 2 gnolls, a quokka and a giant cockroach.

Vanquished Creatures
  Sigmund (D:2)
  A gnoll (D:3)
  An adder (D:2)
  A worm (D:2)
  A dart slug (D:1)
  An orc (D:3)
  7 ball pythons
  6 endoplasms
  A goblin (D:3)
  3 hobgoblins
  2 quokkas
  4 bats
  3 frilled lizards
  3 kobolds (D:1)
  9 rats
44 creatures vanquished.

Notes
Turn   | Place    | Note
-------+----------+-------------------------------------------
     0 | D:1      | Dittersdorf the Gargoyle Fighter began the quest for the
                  | Orb.
     0 | D:1      | Reached XP level 1. HP: 14/14 MP: 1/1
    55 | D:1      | Reached XP level 2. HP: 12/19 MP: 2/2
   696 | D:1      | Reached XP level 3. HP: 23/23 MP: 3/3
  1039 | D:2      | Noticed Sigmund
  1140 | D:2      | Killed Sigmund
  1141 | D:2      | Reached XP level 4. HP: 26/30 MP: 4/4
  1141 | D:2      | Reached XP level 5. HP: 30/34 MP: 5/5
  1395 | D:3      | Found a shimmering altar of Xom.
  1617 | D:3      | Slain by a gnoll

Illustrated notes

Levels and vault maps discovered:
D:1:      giann_bridges, layout_loops_ring
D:2:      layout_rooms, uniq_sigmund
D:3:      layout_loops_ring, mainiacjoe_overflow_cross_hatched,
          kennysheep_another_room, kennysheep_decorative_pillar, moated_statue

Skill      XL: |  1  2  3 |
---------------+----------+-----
Fighting       | 4 |  4.4
Maces & Flails | 3 |  3.3
Armour         | 4 |  4.5
Shields        | 4 |  4.5

Action                     |  1- 3 |  4- 6 || total
---------------------------+-------+-------++-------
  Melee: Flail             |   119 |    39 ||   158
  Throw: Dart              |     1 |       ||     1
 Armour: Scale mail        |    61 |    28 ||    89
  Dodge: Dodged            |    63 |    26 ||    89
  Block: Buckler           |    29 |     8 ||    37

Table legend: (Time is in decaauts)
 A = Elapsed time spent in this place.
 B = Non-inter-level travel time spent in this place.
 C = Inter-level travel time spent in this place.
 D = Time resting spent in this place.
 E = Time spent auto-exploring this place.
 F = Levels seen in this place.
 G = Mean time per level.
                   A        B        C        D        E       F      G
               +--------+--------+--------+--------+--------+-----+--------+
         Total |   1667 |   1593 |     74 |    138 |   1052 |   3 |  555.7 |
       Dungeon |   1667 |   1593 |     74 |    138 |   1052 |   3 |  555.7 |
               +--------+--------+--------+--------+--------+-----+--------+

Top non-repeatable levels by time:
     D:1: 962 daAuts
     D:2: 456 daAuts
     D:3: 248 daAuts
